 Dungeon Crawl Stone Soup version 0.21.1-1-g345015f (webtiles) character file.

11544 Kairos the Cleaver (level 11, -1/58 HPs)
             Began as a Vine Stalker Fighter on Apr 23, 2018.
             Was a High Priest of Okawaru.
             Slain by a spiny frog (11 damage)
             ... on level 1 of the Lair of Beasts.
             The game lasted 00:20:30 (8760 turns).

Kairos the Cleaver (Vine Stalker Fighter)           Turns: 8760, Time: 00:20:31

Health: -1/58      AC: 12    Str: 22    XL:     11   Next: 79%
Magic:  0/12       EV: 10    Int:  8    God:    Okawaru [*****.]
Gold:   407        SH: 11    Dex: 14    Spells: 10/10 levels left

rFire    + . .     SeeInvis .   s - +4 trident (freeze)
rCold    + . .     Gourm    .   c - +0 shield
rNeg     + . .     Faith    +   M - +0 scale mail of the Spider Nest {rF+ rC+ rN+ rCorr} (curse)
rPois    +         Spirit   +   g - +0 helmet
rElec    +         Reflect  .   j - +2 cloak
rCorr    +         Harm     .   (no gloves)
MR       +....     Clarity  +   (no boots)
Stlth    ..........             K - amulet of faith
HPRegen  0.59/turn              e - ring of poison resistance
MPRegen  0.13/turn              (no ring)

@: no status effects
A: fangs 3, hooves 1, clarity, regeneration 1, electricity resistance, magic
shield, antimagic bite, no potion heal 3, rot immunity
a: Heroism, Finesse, Renounce Religion


You were on level 1 of the Lair of Beasts.
You worshipped Okawaru.
Okawaru was extremely pleased with you.
You were hungry.

You visited 3 branches of the dungeon, and saw 11 of its levels.
You also visited: Ossuary.

You collected 407 gold pieces.

Inventory:

Hand Weapons
 a - a +2 war axe of electrocution
 s - a +4 trident of freezing (weapon)
 G - a +6 hand axe of freezing
Missiles
 i - 20 tomahawks (quivered)
 n - 3 throwing nets
Armour
 b - a +0 scale mail
 c - a +0 shield (worn)
 g - a +0 helmet (worn)
 h - a +0 chain mail
 j - a +2 cloak (worn)
 H - a +0 crystal plate armour
 M - the cursed +0 scale mail of the Spider Nest (worn) {rF+ rC+ rN+ rCorr}
   (You found it on level 8 of the Dungeon)

   It protects you from fire.
   It protects you from cold.
   It protects you from negative energy.
   It protects you from acid and corrosion.
   It has a curse placed upon it.
Magical Staves
 F - an uncursed staff of fire
Jewellery
 e - a ring of poison resistance (left hand)
 J - an uncursed amulet of regeneration
 K - an amulet of faith (around neck)
Wands
 v - a wand of flame (70)
 w - a wand of polymorph (4)
 I - a wand of paralysis (17)
Scrolls
 d - a scroll of fear
 k - 5 scrolls of remove curse
 l - 9 scrolls of teleportation
 p - 2 scrolls of blinking
 r - 2 scrolls of enchant armour
 u - 2 scrolls of random uselessness
 y - 2 scrolls of noise
 B - a scroll of amnesia
 P - 2 scrolls of identify
 Q - a scroll of enchant weapon
Potions
 m - a potion of invisibility
 q - 5 potions of curing
 t - 3 potions of brilliance {unknown}
 x - 5 potions of agility {unknown}
 z - a potion of cancellation {unknown}
 A - a potion of berserk rage
 C - 2 potions of might
 D - a potion of mutation
 E - a potion of flight
 O - a potion of heal wounds {unknown}
Books
 L - a book of Minor Magic

   Spells                             Type                      Level
   a - Magic Dart                     Conjuration                  1
   b - Blink                          Translocation                2
   c - Call Imp                       Summoning                    2
   d - Slow                           Hexes                        2
   e - Conjure Flame                  Conjuration/Fire             3
   f - Mephitic Cloud                 Conjuration/Poison/Air       3
 N - a book of Frost

   Spells                             Type                      Level
   a - Freeze                         Ice                          1
   b - Throw Frost                    Conjuration/Ice              2
   c - Ozocubu's Armour               Charms/Ice                   3
   d - Throw Icicle                   Conjuration/Ice              4
   e - Summon Ice Beast               Ice/Summoning                4
Comestibles
 f - 15 rations


   Skills:
 + Level 7.3 Fighting
 + Level 11.0(11.1) Axes
 + Level 1.2(7.1) Polearms
 + Level 6.9 Armour
 + Level 3.3 Dodging
 + Level 1.3 Stealth
 + Level 7.6 Shields
 + Level 0.9 Invocations


You had 10 spell levels left.
You didn't know any spells.

Dungeon Overview and Level Annotations

Branches:
Dungeon (8/15)             Temple (1/1) D:6            Lair (2/6) D:8
  Swamp: Lair:2-4    Shoals: Lair:2-4     Snake: Lair:2-4    Spider: Lair:2-4

Altars:
Ashenzari
Cheibriados
Dithmenos
Elyvilon
Fedhas
Gozag
Hepliaklqana
Kikubaaqudgha
Makhleb
Nemelex Xobeh
Okawaru
Qazlal
Ru
Sif Muna
Trog
Uskayaw
Vehumet
Wu Jian
Xom
Yredelemnul
Zin
The Shining One

Annotations:
D:5 1 runed door


Innate Abilities, Weirdness & Mutations

You have razor-sharp teeth.
Your natural rate of healing is unusually fast.
When hurt, damage is shared between your health and your magic reserves.
Your bite disrupts and absorbs the magic of your enemies.
Potions cannot restore your health.
You are immune to rotting.
You have large cloven feet.
You possess an exceptional clarity of mind.
You are resistant to electric shocks. (rElec)


Message History

Unknown command.
The bullfrog closely misses you. You block the bullfrog's attack.
The spiny frog stings you.
You are poisoned.
The spiny frog poisons you!
You climb upwards.
You feel very sick.
There is a stone staircase leading down, spattered with blood here.
You hit the spiny frog. You freeze the spiny frog.
Your kick misses the spiny frog.
The spiny frog is moderately wounded.
You feel sick.
The spiny frog is no longer moving slowly.
You block the bullfrog's attack. The spiny frog stings you!
* * * LOW HITPOINT WARNING * * *
You are lethally poisoned!
The spiny frog poisons you!
Your system rejects the healing.
You feel better. You block the bullfrog's attack. The spiny frog stings you!
You die...

#....## #...##...# #....#
#..P....## #....# #.....#.#
#....# #..P..#.# ##....#
#..#..#.# #.....## #..#....#
##.....# ####..#....## ###
#.....####.##..#..#..#####.#
##........F@...#..#.........
#........F....##+P.........
#..........................
#......................>P##
#...##P##...............##
#..P######....#..######..#
#..## ###...#........#.##
#..#####.....#........#.P#
#............#........#.##


You could see a spiny frog and a bullfrog.

Vanquished Creatures
  A hydra (Lair:1)
  A two-headed ogre (D:8)
  The ghost of cultivahabas the Grappler, a novice TrMo of the Shining One (D:8)
  2 spiny frogs (Lair:1)
  3 komodo dragons (Lair:1)
  The ghost of Terandir the Shield-Bearer, an amateur MiFi (D:4)
  A hippogriff (Lair:1)
  The ghost of p0werm0de the Sneak, an amateur FeCK of Xom (D:6)
  21 yaks
  A porcupine (Lair:1)
  3 water moccasins
  A hornet zombie (Ossuary)
  Duvessa (D:4)
  A sky beast (D:5)
  2 orc warriors (D:7)
  An ogre (D:7)
  A phantom (D:7)
  A necrophage (D:8)
  2 centaurs
  3 crocodiles (Lair:1)
  6 bullfrogs
  A big kobold (D:8)
  2 gnoll sergeants (D:8)
  A scorpion (D:7)
  Dowan (D:4)
  11 wights
  2 crimson imps (D:8)
  4 howler monkeys
  3 bullfrog zombies
  6 hounds
  A jelly (D:4)
  5 centaur zombies
  4 orc priests
  A centaur skeleton (D:5)
  13 orc wizards
  A bullfrog skeleton (D:5)
  Ijyb (D:5)
  2 iguanas
  A statue (D:6)
  3 worker ants
  4 hound zombies
  14 mummies (Ossuary)
  2 worker ant zombies (Ossuary)
  25 gnolls
  15 adders
  3 shadow imps
  2 adder zombies
  An adder skeleton (D:5)
  3 worms (D:2)
  2 dart slugs
  5 leopard geckos
  40 orcs
  2 ball pythons
  2 giant cockroaches
  12 goblins
  5 hobgoblins
  19 jackals
  2 quokkas
  4 bats
  6 frilled lizards
  A giant cockroach zombie (Ossuary)
  A jackal zombie (Ossuary)
  12 kobolds
  2 leopard gecko zombies (Ossuary)
  2 quokka skeletons
  3 quokka zombies (Ossuary)
  8 rats
  A plant (Lair:2)
  A withered plant (Ossuary)
317 creatures vanquished.

Vanquished Creatures (others)
  A fungus (Lair:2)
  A withered plant (Ossuary)
2 creatures vanquished.

Grand Total: 319 creatures vanquished

Notes
Turn   | Place    | Note
-------+----------+-------------------------------------------
     0 | D:1      | Kairos the Vine Stalker Fighter began the quest for the Orb.
     0 | D:1      | Reached XP level 1. HP: 11/11 MP: 2/2
   100 | D:1      | Reached XP level 2. HP: 4/16 MP: 1/3
   666 | D:1      | Reached skill level 2 in Axes
   869 | D:2      | Reached XP level 3. HP: 19/19 MP: 4/4
  1315 | D:2      | Gained mutation: Your natural rate of healing is unusually fast. [Vine Stalker growth]
  1315 | D:2      | Reached XP level 4. HP: 24/24 MP: 5/5
  1652 | D:2      | Reached skill level 3 in Axes
  1894 | D:3      | Reached XP level 5. HP: 28/28 MP: 6/6
  1912 | D:3      | Found a stormy altar of Qazlal.
  2032 | D:3      | Reached XP level 6. HP: 31/32 MP: 7/7
  2189 | D:3      | Reached skill level 1 in Dodging
  2351 | D:3      | Found a hide-covered altar of Uskayaw.
  2351 | D:3      | Found a bloodstained altar of Trog.
  2360 | D:3      | Found an opulent altar of Gozag.
  2362 | D:3      | Found a shimmering altar of Xom.
  2364 | D:3      | Found a blossoming altar of Fedhas.
  2481 | D:3      | Reached XP level 7. HP: 8/37 MP: 3/8
  2811 | D:4      | Noticed Terandir's ghost (amateur MiFi)
  2848 | D:4      | Killed Terandir's ghost
  2848 | D:4      | Reached skill level 4 in Axes
  3070 | D:4      | Noticed Duvessa
  3070 | D:4      | Noticed Dowan
  3279 | D:4      | Killed Dowan
  3279 | D:4      | Reached skill level 5 in Axes
  3306 | D:4      | Gained mutation: You have razor-sharp teeth. [Vine Stalker growth]
  3306 | D:4      | Reached XP level 8. HP: 42/42 MP: 9/9
  3347 | D:4      | Gained mutation: Your body sometimes deteriorates upon taking damage. [potion of mutation]
  3347 | D:4      | Gained mutation: You heal very quickly. [potion of mutation]
  3356 | D:4      | Killed Duvessa
  3483 | D:4      | Found a burning altar of Makhleb.
  3483 | D:4      | Found a glowing silver altar of Zin.
  3484 | D:4      | Noticed an angel
  3484 | D:4      | Noticed a blizzard demon
  3530 | D:5      | Entered Level 5 of the Dungeon
  3782 | D:5      | Noticed Ijyb
  3796 | D:5      | Killed Ijyb
  3840 | D:5      | Reached skill level 5 in Shields
  3876 | D:4      | Reached skill level 6 in Axes
  4084 | D:5      | Found a glowing silver altar of Zin.
  4084 | D:5      | Found a runed door.
  4084 | D:5      | Noticed an angel
  4434 | D:6      | Noticed p0werm0de's ghost (amateur FeCK)
  4443 | D:6      | Reached XP level 9. HP: 13/46 MP: 2/10
  4791 | D:6      | Found a sparkling altar of Nemelex Xobeh.
  4791 | D:6      | Found a staircase to the Ecumenical Temple.
  4814 | D:6      | Reached skill level 5 in Fighting
  4814 | D:6      | Reached skill level 7 in Axes
  4821 | Temple   | Entered the Ecumenical Temple
  4900 | Temple   | Became a worshipper of Warmaster Okawaru
  4998 | D:6      | Reached skill level 5 in Armour
  5093 | D:6      | Found a sand-covered staircase.
  5102 | Ossuary  | Entered an ossuary
  5203 | Ossuary  | Lost mutation: Your body sometimes deteriorates upon taking damage. [potion of mutation]
  5203 | Ossuary  | Lost mutation: You heal very quickly. [potion of mutation]
  5203 | Ossuary  | Gained mutation: You possess an exceptional clarity of mind. [potion of mutation]
  5203 | Ossuary  | Gained mutation: You have large cloven feet. [potion of mutation]
  5203 | Ossuary  | Gained mutation: You are resistant to electric shocks. (rElec) [potion of mutation]
  5301 | Ossuary  | Reached * piety under Okawaru
  5534 | D:6      | Killed p0werm0de's ghost
  5534 | D:6      | Reached skill level 8 in Axes
  5807 | D:6      | Found a snail-covered altar of Cheibriados.
  5807 | D:6      | Found a sacrificial altar of Ru.
  5907 | D:6      | Found a radiant altar of Vehumet.
  6121 | D:7      | Reached skill level 1 in Stealth
  6121 | D:7      | Reached XP level 10. HP: 7/51 MP: 1/11
  6466 | D:7      | Reached ** piety under Okawaru
  6755 | D:8      | Noticed cultivahabas's ghost (novice TrMo)
  6773 | D:8      | Killed cultivahabas's ghost
  6773 | D:8      | Reached skill level 9 in Axes
  6823 | D:8      | Noticed a two-headed ogre
  6835 | D:8      | Killed a two-headed ogre
  6837 | D:8      | Reached *** piety under Okawaru
  6860 | D:8      | Found a staircase to the Lair.
  6923 | D:8      | Got a scorched scale mail
  6934 | D:8      | Identified the cursed +0 scale mail of the Spider Nest {rF+ rC+ rN+ rCorr} (You found it on level 8 of the Dungeon)
  7185 | D:8      | Found a deep blue altar of Sif Muna.
  7300 | Lair:1   | Entered Level 1 of the Lair of Beasts
  7395 | Lair:1   | Reached skill level 10 in Axes
  7396 | Lair:1   | Reached XP level 11. HP: 47/58 MP: 9/12
  7401 | Lair:1   | Reached **** piety under Okawaru
  7754 | Lair:1   | Reached ***** piety under Okawaru
  8223 | Lair:2   | Noticed a seven-headed hydra
  8260 | Lair:2   | Reached skill level 11 in Axes
  8437 | Lair:2   | Noticed a four-headed hydra
  8439 | Lair:2   | Noticed a five-headed hydra
  8738 | Lair:1   | Killed a four-headed hydra
  8738 | Lair:1   | Reached skill level 1 in Polearms
  8760 | Lair:1   | Slain by a spiny frog

Skill      XL: |  1  2  3  4  5  6  7  8  9 10 11 |
---------------+----------------------------------+-----
Shields        | 3 4 5 6 7 |  7.6
Axes           | 2 3 5 6 8 10 11 | 11.0
Fighting       | 3 4 5 6 7 |  7.3
Armour         | 3 4 5 6 |  6.9
Dodging        | 1 2 3 |  3.3
Stealth        | 1 |  1.3
Polearms       | 1 |  1.2
Invocations    | |  0.9

Action                   |  1- 3 |  4- 6 |  7- 9 | 10-12 || total
-------------------------+-------+-------+-------+-------++-------
Melee: War axe           |    95 |   149 |   372 |       ||   616
       Bite              |    23 |    42 |   129 |    86 ||   280
       Kick              |       |       |    51 |    93 ||   144
       Hand axe          |       |       |    14 |   251 ||   265
       Trident           |       |       |       |    26 ||    26
Invok: Heroism           |       |       |       |     5 ||     5
  Use: Scroll            |       |     4 |     5 |    12 ||    21
       Potion            |       |     1 |     2 |     1 ||     4
  Eat: Chunk             |     1 |     4 |     6 |     8 ||    19
       Ration            |       |       |     2 |       ||     2
Armor: Chain mail        |    13 |       |       |       ||    13
       Scale mail        |    43 |    65 |   159 |    78 ||   345
Dodge: Dodged            |    18 |    46 |   131 |    77 ||   272
Block: Shield            |    42 |    86 |   202 |   121 ||   451
